 Dungeon Crawl Stone Soup version 0.30.0-17-ge0270778cf (webtiles) character file.

Game seed: 16972275434665738036

136 tizbic2 the Charlatan (level 5, -16/42 HPs)
             Began as a Hill Orc Wanderer on May 21, 2023.
             Demolished by an ogre
             ... wielding a +0 giant club
              (17 damage)
             ... on level 4 of the Dungeon on May 23, 2023.
             The game lasted 00:08:37 (2346 turns).

tizbic2 the Charlatan (Hill Orc Wanderer)           Turns: 2346, Time: 00:08:38

Health: -16/42     AC: 11    Str: 17    XL:     5   Next: 19%
Magic:  7/7        EV:  8    Int:  9    God:
Gold:   98         SH:  0    Dex: 13    Spells: 7/7 levels left

rFire   . . .        B - +3 short sword (venom)
rCold   . . .        (no shield)
rNeg    . . .        s - +0 chain mail
rPois   .            (no helmet)
rElec   .            (no cloak)
rCorr   .            t - +0 pair of gloves
SInv    .            c - +1 pair of boots
Will    .....        l - amulet of the acrobat Stlth
                     (no ring)
HPRegen 0.27/turn    (no ring)
MPRegen 0.10/turn

%: acrobat
@: no status effects
A: no striking features
a: no special abilities


You were on level 4 of the Dungeon.
You visited 1 branch of the dungeon, and saw 4 of its levels.

You collected 173 gold pieces.
You spent 75 gold pieces at shops.

Inventory:

Hand Weapons
 a - a +0 mace
 w - a +1 sling
 B - a +3 short sword of venom (weapon)
Missiles
 j - 3 throwing nets
Armour
 c - a +1 pair of boots (worn)
 e - a +0 leather armour
 f - a +0 ring mail
 s - a +0 chain mail (worn)
 t - a +0 pair of gloves (worn)
Jewellery
 l - an amulet of the acrobat (around neck)
Wands
 b - a wand of paralysis (5) (quivered)
 h - a wand of flame (28)
 p - a wand of iceblast (23)
Scrolls
 d - 2 scrolls of teleportation
 g - a scroll of summoning {unknown}
 m - 3 scrolls of poison
 v - a scroll of identify
 y - a scroll of fog {unknown}
 C - a scroll of blinking {unknown}
Potions
 i - 2 potions of heal wounds
 k - 2 potions of invisibility
 n - 3 potions of degeneration {unknown}
 q - a potion of lignification {unknown}
 r - 4 potions of curing {unknown}
 u - a potion of haste {unknown}
 x - a potion of flight {unknown}
 z - a potion of ambrosia {unknown}
 A - a potion of might {unknown}


   Skills:
 + Level 2.4 Fighting
 * Level 2.2 Staves
 - Level 1.0 Ranged Weapons
 + Level 1.8 Armour
 - Level 1.5 Dodging
 + Level 1.7 Spellcasting
 + Level 5.3 Evocations


You had 7 spell levels left.
You didn't know any spells.
Your spell library contained the following spells:

 Spells                   Type           Power      Damage    Failure   Level
 Call Canine Familiar     Summ           0%         N/A       100%        3
 Portal Projectile        Hex/Tloc       0%         N/A       100%        3
 Stone Arrow              Conj/Erth      0%         3d7       100%        3
 Tukima's Dance           Hex            0%         N/A       100%        3
 Anguish                  Hex/Necr       0%         N/A       100%        4
 Animate Armour           Summ/Erth      0%         N/A       100%        4
 Cause Fear               Hex            0%         N/A       100%        4
 Leda's Liquefaction      Hex/Erth       0%         N/A       100%        4
 Blade Hands              Tmut           0%         N/A       100%        5
 Enfeeble                 Hex            0%         N/A       100%        7
 Lehudib's Crystal Spear  Conj/Erth      0%         10d2      100%        8


Dungeon Overview and Level Annotations

Branches:
Dungeon (4/15)
 Temple: D:4-7

Altars:
Sif Muna
Trog
Vehumet
The Shining One

Shops:
D:4 *


Message History

An orc comes into view. It is wielding a +0 flail.
The orc shouts!
You hear a shout!
An adder comes into view.
Found a rapier and a ring mail.
The adder hisses angrily.
There is an open door here.
You hit the orc.
The orc is poisoned.
The orc is heavily wounded.
You kill the orc!
You see here a +0 flail.
The adder bites you.
An ogre comes into view. It is wielding a +0 giant club.
The adder barely misses you.
You hit the adder.
The adder is poisoned.
The adder is heavily wounded.
The adder bites you but does no damage.
You hit the adder.
The adder looks as sick as possible!
The adder is severely wounded.
The adder bites you but does no damage.
An iguana comes into view.
You barely miss the adder.
The adder is almost dead.
The iguana hisses angrily.
You kill the adder!
The ogre hits you with a +0 giant club!
You hit the ogre.
The ogre is lightly wounded.
The ogre hits you with a +0 giant club.
You hit the ogre.
The ogre is poisoned.
The ogre is moderately wounded.
You hit the ogre.
The ogre looks as sick as possible!
The ogre is moderately wounded.
The ogre hits you with a +0 giant club!!
Ouch! That really hurt!
* * * LOW HITPOINT WARNING * * *
You see here a +0 flail.
You puncture the ogre!
The ogre looks as sick as possible!
The ogre is severely wounded.
The ogre hits you with a +0 giant club!
You die...

...........#
..........#
.......[.#
........# .......#
######l....
.........#
.......O.#
...)...@.#
#######'## #.# #.#
#.# #.# ########.#
#........# #
#########........#


You could see an ogre (extremely poisoned) and an iguana.

Vanquished Creatures
  6 adders
  A worm (D:2)
  5 dart slugs
  3 orcs
  7 ball pythons
  6 endoplasms
  A giant cockroach (D:2)
  4 goblins
  7 hobgoblins
  2 quokkas
  10 bats
  6 frilled lizards
  4 kobolds
  3 rats (D:2)
65 creatures vanquished.

Notes
Turn   | Place    | Note
-------+----------+-------------------------------------------
     0 | D:1      | tizbic2 the Hill Orc Wanderer began the quest for the Orb.
     0 | D:1      | tizbic2 set off with the following items: a +0 sling, a
                  | wand of paralysis (7), a +0 pair of boots, a scroll of
                  | teleportation, a +0 leather armour.
     0 | D:1      | Reached XP level 1. HP: 16/16 MP: 2/2
   138 | D:1      | Reached XP level 2. HP: 23/23 MP: 3/3
   197 | D:1      | Reached skill level 1 in Staves
   309 | D:1      | Reached XP level 3. HP: 27/29 MP: 4/4
   500 | D:2      | Reached skill level 1 in Armour
   621 | D:2      | Reached XP level 4. HP: 28/36 MP: 6/6
  2121 | D:4      | Found a glowing golden altar of the Shining One.
  2122 | D:4      | Found a bloodstained altar of Trog.
  2123 | D:4      | Found a shimmering blue altar of Sif Muna.
  2145 | D:4      | Reached XP level 5. HP: 42/42 MP: 7/7
  2158 | D:4      | Found a radiant altar of Vehumet.
  2198 | D:4      | Found Orotza's General Store.
  2203 | D:4      | Bought a scroll of enchant armour for 75 gold pieces
  2338 | D:4      | Noticed an ogre
  2344 | D:4      | HP: 1/42 [ogre/+0 giant club (23)]
  2346 | D:4      | Demolished by an ogre

Illustrated notes

Levels and vault maps discovered:
D:1:      nicolae_arrival_memento_mori, layout_rooms
D:2:      layout_loops_ring, minmay_shallow_snake_nest
D:3:      layout_basic, nicolae_wu_jian_immortal_techniques,
          minmay_fractal_squares_diagonal_5
D:4:      layout_basic, nicolae_qazlal_style_of_elements,
          mainiacjoe_overflow_alcove_4, grunt_temple_overflow_open,
          serial_shops, shop, uniq_eustachio

Skill      XL: |  1  2  3  4 |
---------------+-------------+-----
Staves         | 1 2 |  2.2
Armour         | 1 |  1.8
Fighting       | 2 |  2.4
Ranged Weapons | |  1.0
Dodging        | |  1.5
Spellcasting   | |  1.7
Evocations     | |  5.3

Action                     |  1- 3 |  4- 6 || total
---------------------------+-------+-------++-------
  Melee: Short sword       |       |    13 ||    13
   Fire: Sling             |   124 |   105 ||   229
  Evoke: Wand              |     2 |       ||     2
    Use: Potion            |     1 |       ||     1
         Scroll            |       |     9 ||     9
 Armour: Ring mail         |    94 |    31 ||   125
         Chain mail        |       |    13 ||    13
  Dodge: Dodged            |   130 |    52 ||   182
